 Dungeon Crawl Stone Soup version 0.31-a0-1118-gbca3d03946 (webtiles) character file.

Game seed: 2265544331085047438

11 kae the Vexing (level 2, 10/20 HPs)
             Began as a Demonspawn Enchanter on Dec 4, 2023.
             Quit the game on level 1 of the Dungeon.
             The game lasted 00:00:18 (332 turns).

kae the Vexing (Demonspawn Enchanter)                Turns: 332, Time: 00:00:19

Health: 10/20      AC:  2    Str:  8    XL:     2   Next: 13%
Magic:  5/5        EV: 12    Int: 15    God:
Gold:   13         SH:  0    Dex: 13    Spells: 3/5 levels left

rFire   . . .        a - +1 dagger
rCold   . . .        (no shield)
rNeg    . . .        b - +0 robe
rPois   .            (no helmet)
rElec   .            (no cloak)
rCorr   .            (no gloves)
SInv    .            (no boots)
Will    +....        (no amulet)
Stlth   ++           g - ring of willpower
HPRegen 0.23/turn    (no ring)
MPRegen 0.09/turn

%: no passive effects
@: no status effects
A: demonic guardian 1
a: no special abilities


You were on level 1 of the Dungeon.
You visited 1 branch of the dungeon, and saw 1 of its levels.

You collected 13 gold pieces.


Innate Abilities, Weirdness & Mutations

A weak demonic guardian rushes to your aid.


   Skills:
 + Level 0.5 Fighting
 * Level 1.2 Short Blades
 - Level 1.7 Dodging
 * Level 2.9 Stealth
 + Level 2.1 Spellcasting
 + Level 3.0 Hexes


You had 3 spell levels left.
You knew the following spells:

 Your Spells              Type           Power      Damage    Failure   Level
a - Ensorcelled Hibernat  Hex/Ice        12%        N/A       19%         2

Your spell library contained the following spells:

 Spells                   Type           Power      Damage    Failure   Level
 Confusing Touch          Hex            10%        N/A       19%         3
 Tukima's Dance           Hex            10%        N/A       19%         3
 Dazzling Flash           Conj/Hex       12%        N/A       34%         3

Inventory:

Hand Weapons
 a - a +1 dagger (weapon)
Missiles
 f - 5 stones
Armour
 b - a +0 robe (worn)
Jewellery
 g - a ring of willpower (left hand)
   (You found it on level 1 of the Dungeon)
Scrolls
 d - a scroll of immolation {unknown}
 e - a scroll of revelation {unknown}
Potions
 c - 2 potions of invisibility

Dungeon Overview and Level Annotations

Branches:
Dungeon (1/15) Zot: 5670

Altars:

##### ##### #...# #...#
###...### #...#
###.......# ####...#
........$.#######.......
..#...5@................
#........########.......
#####....# ####...#
####.# ##### #...#
#####.###...### #...#
#.....#...#...####.##
#.#.....#.#.#......#
##..#.#.#†#.#..###
#.##########..##


You could see a friendly quasit (summoned).


Message History

You kill the rat!
No target in view!
You see here a rat corpse.
A giant cockroach comes into view.
The giant cockroach closely misses you.
A giant cockroach is nearby!
You hit the giant cockroach. The giant cockroach closely misses you.
You hit the giant cockroach but do no damage.
The giant cockroach closely misses you.
A giant cockroach is nearby!
You closely miss the giant cockroach. The giant cockroach closely misses you.
You hit the giant cockroach.
You kill the giant cockroach!
f - 5 stones An endoplasm comes into view.
You see here a ring of willpower.
An endoplasm is nearby!
The endoplasm quivers.
The endoplasm hits you but does no damage.
An endoplasm is nearby!
You hit the endoplasm. The endoplasm hits you.
You hit the endoplasm. The endoplasm freezes you.
You are frozen.
* * * LOW HITPOINT WARNING * * *
An endoplasm is nearby!
You are too injured to fight recklessly!
You are too injured to fight recklessly!
An endoplasm is nearby!
You are too injured to fight recklessly!
You are too injured to fight recklessly! 😨 HP[-7]
You take 7 damage, and now have 6/13 hp.
MASSIVE DAMAGE!! (PAUSE)
You hit the endoplasm.
The endoplasm closely misses you. 😮 HP[+1]
You hit the endoplasm.
You kill the endoplasm!
You now have 14 max hp (+1). 😮 HP[+1]
g - a ring of willpower 😎 HP[+6]
Your hp is fully restored (14).
g - a ring of willpower (left hand)
A giant cockroach comes into view.
A giant cockroach is nearby!
The helpless giant cockroach fails to defend itself.
You puncture the giant cockroach!
You kill the giant cockroach!
You have reached level 2!
Your demonic ancestry asserts itself...
You feel the presence of a demonic guardian. 😎 HP[+6] MP[+2]
You now have 20 max hp (+6).
Your hp is fully restored (20).
Your mp is fully restored (5).
A giant cockroach comes into view.
A giant cockroach is nearby!
A giant cockroach is nearby!
The helpless giant cockroach fails to defend itself.
You puncture the giant cockroach!
You kill the giant cockroach!
No target in view!
No target in view!
No target in view!
No target in view!
You start memorising the spell.
You continue memorising. x2
You finish memorising.
Spell assigned to 'a'.
An endoplasm comes into view.
An endoplasm is nearby!
An endoplasm is nearby!
An endoplasm is nearby!
You hit the endoplasm but do no damage. You hit the endoplasm.
The endoplasm hits you. 😕 HP[-2]
You take 2 damage, and now have 18/20 hp.
An endoplasm is nearby!
You barely miss the endoplasm. The endoplasm freezes you.
You are frozen.
You are too injured to fight recklessly! 😮 HP[-5]
You take 5 damage, and now have 13/20 hp.
MASSIVE DAMAGE!! (PAUSE)
You hit the endoplasm. The endoplasm freezes you.
You are frozen.
* * * LOW HITPOINT WARNING * * *
A demonic guardian appears! 😨 HP[-4]
You take 4 damage, and now have 9/20 hp.
You barely miss the endoplasm. The endoplasm misses you.
You hit the endoplasm.
You kill the endoplasm! 😨 HP[+1] Unknown command.
Are you sure you want to abandon this character and quit the game? (Confirm with "yes".)
Okay, then.
Unknown command.
Unknown command.
Are you sure you want to abandon this character and quit the game? (Confirm with "yes".)

Skill      XL: |  1 |
---------------+----+-----
Short Blades   | 1 |  1.2
Fighting       | |  0.5
Dodging        | |  1.7
Stealth        | |  2.9
Spellcasting   | |  2.1
Hexes          | |  3.0

Action                     || total
---------------------------++-------
  Melee: Dagger            ||    28
   Stab: Sleeping          ||     3
 Armour: Robe              ||    10
  Dodge: Dodged            ||    14

Levels and vault maps discovered:
D:1:      wheals_arrival_linesprint, layout_loops_ring, minmay_worlds_worst_comb

Notes
Turn   | Place    | Note
-------+----------+-------------------------------------------
     0 | D:1      | kae the Demonspawn Enchanter began the quest for the Orb.
     0 | D:1      | Reached XP level 1. HP: 13/13 MP: 3/3
     0 | D:1      | magus.rc [v1.11.3]
   177 | D:1      | Reached skill level 1 in Short Blades
   309 | D:1      | Gained mutation: A weak demonic guardian rushes to your
                  | aid. [demonic ancestry]
   309 | D:1      | Reached XP level 2. HP: 20/20 MP: 5/5
   319 | D:1      | Learned a level 2 spell: Ensorcelled Hibernation
   332 | D:1      | Quit the game

Vanquished Creatures
  A bat (D:1)
  2 endoplasms (D:1)
  3 giant cockroaches (D:1)
  A hobgoblin (D:1)
  A ball python (D:1)
  A rat (D:1)
9 creatures vanquished.

Table legend:
 A = Non-vault XP
 B = Vault XP
 C = Vault XP percentage of total XP
 D = Non-vault monster count
 E = Vault monster count
 F = Vault count percentage of total count
                 A         B        C        D         E       F
            +---------+---------+-------+---------+---------+-------
      Total |      10 |       6 |  37.5 |       6 |       3 |  33.3
            +---------+---------+-------+---------+---------+-------
        D:1 |      10 |       6 |  37.5 |       6 |       3 |  33.3
            +---------+---------+-------+---------+---------+-------

Skill      XL: |  1 |
---------------+----+-----
Short Blades   | 1 |  1.2
Fighting       | |  0.5
Dodging        | |  1.7
Stealth        | |  2.9
Spellcasting   | |  2.1
Hexes          | |  3.0

Action                     || total
---------------------------++-------
  Melee: Dagger            ||    28
   Stab: Sleeping          ||     3
 Armour: Robe              ||    10
  Dodge: Dodged            ||    14

Illustrated notes

Table legend:
 A = Kills in this place as a percentage of kills in the entire game.
 B = Kills by you in this place as a percentage of kills by you in the entire game.
 C = Kills by friends in this place as a percentage of kills by friends in the entire game.
 D = Other kills in this place as a percentage of other kills in the entire game.
 E = Experience gained in this place as a percentage of experience gained in the entire game.
 F = Experience gained in this place divided by the number of levels of this place that you have seen.
                   A       B       C       D       E      F
               +-------+-------+-------+-------+-------+----------------------
         Total | 100.0 | 100.0 |   N/A |   N/A | 100.0 |  16.0
       Dungeon | 100.0 | 100.0 |   N/A |   N/A | 100.0 |  16.0
               +-------+-------+-------+-------+-------+----------------------

Table legend: (Time is in decaauts)
 A = Elapsed time spent in this place.
 B = Non-inter-level travel time spent in this place.
 C = Inter-level travel time spent in this place.
 D = Time resting spent in this place.
 E = Time spent auto-exploring this place.
 F = Levels seen in this place.
 G = Mean time per level.
                   A        B        C        D        E       F      G
               +--------+--------+--------+--------+--------+-----+--------+
         Total |    329 |    329 |      0 |      0 |    253 |   1 |  329.0 |
       Dungeon |    329 |    329 |      0 |      0 |    253 |   1 |  329.0 |
               +--------+--------+--------+--------+--------+-----+--------+

Top non-repeatable levels by time:
     D:1: 329 daAuts
